General information
- name: BNet
- type: Ladder team game (AT/RT)
- host: Battle.net
- saver: DarKNeSS.AT
map: Monsoon
- players: 6
- length: 37:15
- speed: Fast
- version: 1.24 W3XP
- replay type: Public
» download(360 KB)
Players
team 1 (winner)
DarKNeSS.AT (
blue | 164 APM | 6102 actions | 37:15)
7 Death Knight
3 Death Coil
3 Unholy Aura
1 Animate Dead
6 Lich
3 Frost Nova
2 Frost Armor
1 Death and Decay
4 Dreadlord
2 Sleep
2 Carrion Swarm
» actions
| Assign group hotkey | 55 | |
| Basic commands | 159 | |
| Build / train | 139 | |
| ESC pressed | 2 | |
| Enter build submenu | 50 | |
| Enter hero's abilities submenu | 21 | |
| Give item / drop item | 7 | |
| Right click | 2835 | |
| Select / deselect | 1030 | |
| Select group hotkey | 1403 | |
| Use ability | 401 | |
6102 total
» units
| Acolyte | 15 | |
| Ghoul | 6 | |
| Crypt Fiend | 14 | |
| Obsidian Statue | 5 | |
| Frost Wyrm | 8 | |
48 total
» upgrades
| Cannibalize | 1 | |
| Creature Attack | 3 | |
| Web | 1 | |
| Burrow | 1 | |
| Freezing Breath | 1 | |
| Creature Carapace | 2 | |
| Destroyer Form | 1 | |
10 total
» buildings
| Graveyard | 4 | |
| Crypt | 4 | |
| Altar of Darkness | 1 | |
| Ziggurat | 30 | |
| Tomb of Relics | 2 | |
| Nerubian Tower | 4 | |
| Halls of the Dead | 1 | |
| Spirit Tower | 20 | |
| Necropolis | 2 | |
| Black Citadel | 1 | |
| Sacrificial Pit | 1 | |
| Slaughterhouse | 2 | |
| Boneyard | 4 | |
76 total
» build order
00:04 Graveyard
00:11 Crypt
00:30 Altar of Darkness
00:46 Ziggurat
01:01 Tomb of Relics
01:44 Nerubian Tower
01:49 Ziggurat
04:10 Ziggurat
04:58 Halls of the Dead
05:09 Nerubian Tower
05:37 Ziggurat
06:18 Ziggurat
06:52 Spirit Tower
06:53 Ziggurat
06:53 Ziggurat
06:54 Necropolis
07:50 Black Citadel
08:09 Ziggurat
08:10 Sacrificial Pit
08:35 Spirit Tower
08:35 Spirit Tower
08:36 Spirit Tower
09:50 Slaughterhouse
10:14 Boneyard
10:35 Spirit Tower
10:41 Boneyard
11:32 Boneyard
11:33 Boneyard
11:35 Graveyard
12:18 Ziggurat
12:18 Ziggurat
12:19 Ziggurat
14:00 Ziggurat
14:12 Necropolis
14:14 Ziggurat
14:15 Ziggurat
14:15 Ziggurat
14:16 Ziggurat
14:17 Ziggurat
14:17 Ziggurat
14:30 Ziggurat
15:21 Nerubian Tower
15:21 Spirit Tower
15:21 Spirit Tower
15:21 Spirit Tower
15:23 Spirit Tower
15:24 Spirit Tower
15:53 Ziggurat
15:54 Ziggurat
15:54 Ziggurat
15:55 Ziggurat
16:04 Graveyard
16:06 Graveyard
16:22 Ziggurat
16:23 Ziggurat
17:30 Ziggurat
17:30 Ziggurat
17:31 Ziggurat
17:32 Ziggurat
17:33 Ziggurat
17:36 Nerubian Tower
17:36 Spirit Tower
17:41 Spirit Tower
17:41 Spirit Tower
17:42 Spirit Tower
17:42 Spirit Tower
17:45 Crypt
17:47 Crypt
19:57 Spirit Tower
19:58 Spirit Tower
21:32 Slaughterhouse
23:53 Crypt
25:36 Tomb of Relics
» items
| Rod of Necromancy | 3 | |
| Sacrificial Skull | 2 | |
| Potion of Healing | 4 | |
| Orb of Corruption | 1 | |
| Boots of Speed | 1 | |
| Potion of Lesser Invulnerability | 2 | |
| Staff of Teleportation | 2 | |
| Potion of Mana | 6 | |
| Periapt of Vitality | 1 | |
| Scroll of Town Portal | 6 | |
| Scroll of Healing | 3 | |
| Scroll of Protection | 1 | |
| Dust of Appearance | 1 | |
33 total
Doof. (
orange | 103 APM | 3825 actions | 37:14)
6 Blademaster
3 Wind Walk
2 Critical Strike
1 Bladestorm
5 Shadow Hunter
2 Hex
3 Healing Wave
» actions
| Assign group hotkey | 47 | |
| Basic commands | 25 | |
| Build / train | 99 | |
| Enter build submenu | 33 | |
| Enter hero's abilities submenu | 11 | |
| Give item / drop item | 1 | |
| Right click | 1723 | |
| Select / deselect | 545 | |
| Select group hotkey | 1084 | |
| Use ability | 257 | |
3825 total
» units
| Peon | 17 | |
| Troll Witch Doctor | 4 | |
| Raider | 6 | |
| Troll Batrider | 17 | |
| Shaman | 7 | |
| Tauren | 2 | |
53 total
» upgrades
| Witch Doctor Training | 2 | |
| Ensnare | 1 | |
| Shaman Training | 2 | |
| Reinforced Defenses | 1 | |
| Melee Weapons | 1 | |
| Pulverize | 1 | |
| Armor | 1 | |
| Pillage | 1 | |
10 total
» buildings
| Altar of Storms | 1 | |
| Orc Burrow | 13 | |
| Voodoo Lounge | 1 | |
| Stronghold | 2 | |
| War Mill | 2 | |
| Beastiary | 3 | |
| Spirit Lodge | 2 | |
| Fortress | 1 | |
| Watch Tower | 21 | |
| Great Hall | 1 | |
| Tauren Totem | 2 | |
49 total
» build order
00:12 Altar of Storms
00:21 Orc Burrow
01:06 Voodoo Lounge
02:16 Stronghold
02:40 War Mill
02:46 Orc Burrow
03:30 Orc Burrow
04:58 Beastiary
05:02 Spirit Lodge
05:18 Beastiary
05:53 Fortress
06:20 Orc Burrow
08:22 Orc Burrow
08:42 War Mill
10:02 Orc Burrow
10:02 Orc Burrow
11:36 Watch Tower
12:29 Watch Tower
12:29 Watch Tower
13:33 Watch Tower
13:34 Watch Tower
13:34 Watch Tower
14:17 Watch Tower
14:52 Watch Tower
14:53 Watch Tower
14:55 Watch Tower
14:56 Watch Tower
15:23 Watch Tower
15:27 Watch Tower
16:57 Watch Tower
16:57 Watch Tower
17:52 Great Hall
17:55 Watch Tower
20:23 Spirit Lodge
21:17 Orc Burrow
21:17 Orc Burrow
21:51 Tauren Totem
21:51 Tauren Totem
25:55 Beastiary
28:49 Orc Burrow
28:49 Orc Burrow
28:53 Orc Burrow
28:55 Orc Burrow
29:25 Watch Tower
29:26 Watch Tower
29:27 Watch Tower
29:27 Watch Tower
29:28 Watch Tower
» items
| Healing Salve | 3 | |
| Lesser Clarity Potion | 5 | |
| Scroll of Speed | 1 | |
| Boots of Speed | 1 | |
| Dust of Appearance | 1 | |
| Orb of Lightning | 1 | |
| Scroll of Town Portal | 3 | |
| Potion of Lesser Invulnerability | 1 | |
16 total
SixPaths (
purple | 104 APM | 3882 actions | 37:14)
6 Keeper of the Grove
3 Entangling Roots
2 Thorns Aura
1 Force of Nature
4 Priestess of the Moon
2 Trueshot Aura
2 Scout
» actions
| Assign group hotkey | 194 | |
| Basic commands | 169 | |
| Build / train | 107 | |
| ESC pressed | 7 | |
| Enter build submenu | 41 | |
| Enter hero's abilities submenu | 10 | |
| Give item / drop item | 2 | |
| Right click | 1772 | |
| Select / deselect | 473 | |
| Select group hotkey | 951 | |
| Use ability | 156 | |
3882 total
» units
| Wisp | 44 | |
| Dryad | 10 | |
| Mountain Giant | 5 | |
| Druid of the Claw | 5 | |
| Gnoll Brute | 1 | |
| Gnoll Warden | 1 | |
66 total
» upgrades
| Abolish Magic | 1 | |
| Ultravision | 1 | |
| Hardened Skin | 1 | |
| Resistant Skin | 1 | |
| Reinforced Hides | 3 | |
| Strength of the Wild | 2 | |
| Druid of the Claw Training | 2 | |
| Mark of the Claw | 1 | |
12 total
» buildings
| Altar of Elders | 2 | |
| Moon Well | 13 | |
| Ancient of Wonders | 1 | |
| Tree of Ages | 1 | |
| Hunter's Hall | 1 | |
| Ancient of Lore | 5 | |
| Tree of Eternity | 2 | |
| Ancient Protector | 9 | |
| Tree of Life | 7 | |
| Ancient of Wind | 1 | |
| Chimaera Roost | 1 | |
43 total
» build order
00:05 Altar of Elders
00:18 Moon Well
02:02 Moon Well
02:05 Ancient of Wonders
02:44 Tree of Ages
03:39 Hunter's Hall
04:16 Moon Well
05:10 Ancient of Lore
05:12 Ancient of Lore
05:57 Tree of Eternity
05:57 Tree of Eternity
07:07 Ancient Protector
08:24 Ancient Protector
08:48 Ancient Protector
09:17 Moon Well
10:29 Tree of Life
11:16 Tree of Life
11:54 Ancient Protector
13:56 Ancient Protector
13:57 Ancient Protector
13:58 Ancient Protector
14:49 Tree of Life
15:01 Ancient of Lore
15:58 Moon Well
16:47 Moon Well
19:04 Tree of Life
19:29 Ancient of Wind
20:34 Tree of Life
20:40 Moon Well
21:18 Moon Well
22:57 Chimaera Roost
24:24 Tree of Life
25:02 Tree of Life
28:55 Ancient of Lore
28:57 Ancient of Lore
29:18 Moon Well
29:18 Moon Well
29:19 Moon Well
29:23 Moon Well
29:36 Altar of Elders
32:44 Ancient Protector
32:46 Ancient Protector
33:24 Moon Well
» items
| Boots of Speed | 1 | |
| Scroll of Town Portal | 5 | |
| Staff of Preservation | 1 | |
| Orb of Venom | 1 | |
| Anti-magic Potion | 1 | |
| Tome of Retraining | 1 | |
10 total
team 2 (loser)
ausPANDA (
pink | 117 APM | 4344 actions | 37:09)
5 Archmage
3 Blizzard
2 Brilliance Aura
4 Mountain King
2 Storm Bolt
2 Thunder Clap
4 Paladin
2 Holy Light
2 Divine Shield
» actions
| Assign group hotkey | 76 | |
| Basic commands | 232 | |
| Build / train | 276 | |
| ESC pressed | 17 | |
| Enter build submenu | 67 | |
| Enter hero's abilities submenu | 13 | |
| Give item / drop item | 4 | |
| Remove unit from queue | 5 | |
| Right click | 1765 | |
| Select / deselect | 742 | |
| Select group hotkey | 813 | |
| Use ability | 334 | |
4344 total
» units
| Peasant | 23 | |
| Mortar Team | 13 | |
| Sorceress | 5 | |
| Flying Machine | 6 | |
| Dragonhawk Rider | 7 | |
54 total
» upgrades
| Masonry | 3 | |
| Gunpowder | 3 | |
| Lumber Harvesting | 1 | |
| Magic Sentry | 1 | |
| Sorceress Training | 2 | |
| Fragmentation Shards | 1 | |
| Flare | 1 | |
| Armor | 3 | |
| Flak Cannons | 2 | |
| Plating | 2 | |
| Cloud | 1 | |
| Barrage | 1 | |
21 total
» buildings
| Altar of Kings | 3 | |
| Farm | 11 | |
| Scout Tower | 37 | |
| Lumber Mill | 6 | |
| Arcane Tower | 6 | |
| Guard Tower | 90 | |
| Town Hall | 1 | |
| Keep | 3 | |
| Blacksmith | 1 | |
| Arcane Vault | 3 | |
| Castle | 3 | |
| Arcane Sanctum | 1 | |
| Workshop | 4 | |
| Cannon Tower | 3 | |
| Barracks | 1 | |
| Gryphon Aviary | 2 | |
175 total
» build order
00:24 Altar of Kings
00:28 Altar of Kings
00:29 Farm
00:42 Farm
00:43 Scout Tower
00:45 Scout Tower
01:05 Lumber Mill
01:45 Farm
01:52 Scout Tower
01:57 Arcane Tower
01:58 Arcane Tower
01:58 Arcane Tower
02:22 Farm
02:23 Guard Tower
02:23 Guard Tower
02:23 Guard Tower
02:33 Guard Tower
02:33 Guard Tower
02:34 Scout Tower
02:51 Scout Tower
03:02 Guard Tower
03:03 Guard Tower
03:12 Scout Tower
03:18 Guard Tower
03:26 Scout Tower
03:43 Scout Tower
03:43 Guard Tower
03:44 Guard Tower
03:56 Guard Tower
03:56 Guard Tower
04:12 Guard Tower
04:12 Guard Tower
04:35 Town Hall
04:43 Scout Tower
04:44 Scout Tower
04:46 Scout Tower
04:50 Scout Tower
04:50 Scout Tower
05:20 Arcane Tower
05:41 Guard Tower
05:41 Guard Tower
05:41 Guard Tower
05:44 Guard Tower
05:44 Guard Tower
05:48 Guard Tower
05:48 Guard Tower
05:48 Guard Tower
05:51 Guard Tower
05:52 Guard Tower
06:03 Scout Tower
06:05 Scout Tower
06:14 Scout Tower
06:25 Keep
06:26 Keep
06:33 Guard Tower
06:33 Guard Tower
06:34 Guard Tower
06:36 Guard Tower
06:36 Guard Tower
07:13 Guard Tower
07:14 Blacksmith
07:53 Arcane Vault
07:56 Scout Tower
07:56 Scout Tower
07:58 Scout Tower
08:07 Farm
08:07 Farm
08:08 Farm
08:11 Lumber Mill
08:50 Castle
08:50 Castle
08:53 Guard Tower
08:53 Guard Tower
09:17 Arcane Sanctum
09:19 Workshop
09:43 Workshop
10:13 Arcane Vault
10:17 Arcane Vault
10:38 Lumber Mill
10:46 Cannon Tower
10:46 Cannon Tower
11:15 Scout Tower
11:17 Scout Tower
11:56 Scout Tower
11:58 Guard Tower
11:58 Guard Tower
11:59 Guard Tower
11:59 Guard Tower
12:43 Guard Tower
12:43 Guard Tower
12:45 Guard Tower
12:45 Guard Tower
12:45 Guard Tower
12:49 Guard Tower
12:49 Guard Tower
13:01 Scout Tower
13:01 Scout Tower
13:02 Scout Tower
13:04 Scout Tower
13:07 Scout Tower
13:08 Scout Tower
13:08 Scout Tower
13:29 Guard Tower
13:29 Guard Tower
13:30 Guard Tower
13:31 Guard Tower
14:19 Scout Tower
15:04 Guard Tower
15:05 Scout Tower
15:06 Scout Tower
15:20 Scout Tower
15:21 Scout Tower
15:21 Scout Tower
15:22 Scout Tower
15:22 Scout Tower
15:56 Cannon Tower
16:16 Guard Tower
16:22 Guard Tower
16:23 Guard Tower
17:10 Guard Tower
17:10 Guard Tower
18:45 Guard Tower
18:46 Guard Tower
18:48 Guard Tower
18:50 Guard Tower
18:50 Guard Tower
19:00 Guard Tower
19:02 Guard Tower
19:14 Guard Tower
19:15 Guard Tower
19:18 Guard Tower
20:05 Barracks
20:06 Workshop
20:07 Workshop
20:35 Guard Tower
20:35 Guard Tower
20:35 Guard Tower
20:38 Farm
20:38 Farm
20:38 Farm
20:39 Farm
21:38 Guard Tower
21:38 Guard Tower
21:40 Guard Tower
21:40 Guard Tower
21:42 Guard Tower
21:42 Guard Tower
21:48 Guard Tower
21:48 Guard Tower
21:49 Guard Tower
22:04 Guard Tower
22:04 Guard Tower
23:05 Gryphon Aviary
23:06 Gryphon Aviary
23:43 Lumber Mill
24:03 Lumber Mill
24:50 Lumber Mill
35:08 Altar of Kings
» items
| Staff of Teleportation | 1 | |
| Dust of Appearance | 1 | |
| Potion of Invisibility | 1 | |
| Scroll of Town Portal | 6 | |
| Mechanical Critter | 11 | |
| Ivory Tower | 35 | |
| Scroll of Regeneration | 1 | |
| Staff of Sanctuary | 3 | |
| Potion of Healing | 1 | |
| Scroll of Healing | 1 | |
61 total
GeorgiePie (
teal | 103 APM | 3834 actions | 37:14)
5 Archmage
3 Blizzard
2 Brilliance Aura
3 Goblin Alchemist
2 Acid Bomb
1 Healing Spray
» actions
| Assign group hotkey | 54 | |
| Basic commands | 83 | |
| Build / train | 148 | |
| ESC pressed | 6 | |
| Enter build submenu | 61 | |
| Enter hero's abilities submenu | 10 | |
| Give item / drop item | 4 | |
| Right click | 1501 | |
| Select / deselect | 670 | |
| Select group hotkey | 1078 | |
| Use ability | 219 | |
3834 total
» units
| Peasant | 21 | |
| Siege Engine | 8 | |
| Priest | 6 | |
| Flying Machine | 2 | |
| Gryphon Rider | 9 | |
| Mortar Team | 1 | |
47 total
» upgrades
| Masonry | 3 | |
| Lumber Harvesting | 1 | |
| Gunpowder | 3 | |
| Plating | 3 | |
| Priest Training | 2 | |
| Fragmentation Shards | 1 | |
| Armor | 1 | |
14 total
» buildings
| Altar of Kings | 1 | |
| Farm | 11 | |
| Lumber Mill | 3 | |
| Scout Tower | 36 | |
| Arcane Tower | 3 | |
| Guard Tower | 22 | |
| Keep | 2 | |
| Gryphon Aviary | 4 | |
| Blacksmith | 1 | |
| Arcane Vault | 2 | |
| Castle | 3 | |
| Workshop | 3 | |
| Town Hall | 2 | |
| Arcane Sanctum | 2 | |
95 total
» build order
00:06 Altar of Kings
00:20 Farm
00:23 Lumber Mill
00:51 Farm
01:27 Scout Tower
01:46 Scout Tower
01:53 Farm
02:00 Arcane Tower
02:00 Arcane Tower
02:14 Guard Tower
02:14 Guard Tower
02:50 Keep
02:50 Keep
02:53 Scout Tower
03:48 Guard Tower
03:48 Guard Tower
03:50 Scout Tower
03:55 Scout Tower
04:25 Guard Tower
04:26 Arcane Tower
05:21 Gryphon Aviary
05:56 Scout Tower
05:56 Scout Tower
05:58 Scout Tower
05:59 Scout Tower
06:00 Scout Tower
06:03 Scout Tower
06:04 Scout Tower
06:06 Scout Tower
06:08 Scout Tower
06:09 Scout Tower
06:10 Scout Tower
06:11 Scout Tower
06:44 Guard Tower
07:52 Blacksmith
07:57 Arcane Vault
07:58 Arcane Vault
08:09 Scout Tower
08:12 Scout Tower
08:22 Lumber Mill
08:33 Guard Tower
09:05 Guard Tower
10:04 Castle
10:04 Castle
10:13 Workshop
10:14 Workshop
10:51 Scout Tower
10:51 Scout Tower
10:52 Scout Tower
10:52 Scout Tower
10:53 Scout Tower
10:57 Scout Tower
10:58 Scout Tower
10:58 Scout Tower
10:59 Scout Tower
11:21 Guard Tower
11:21 Guard Tower
11:22 Guard Tower
11:23 Guard Tower
11:24 Guard Tower
11:24 Guard Tower
11:27 Guard Tower
11:39 Guard Tower
11:41 Town Hall
11:56 Workshop
12:56 Farm
12:56 Farm
12:57 Farm
12:57 Farm
13:14 Guard Tower
14:43 Guard Tower
18:09 Arcane Sanctum
18:13 Lumber Mill
18:18 Arcane Sanctum
19:07 Farm
19:07 Farm
19:08 Farm
19:08 Farm
23:08 Guard Tower
23:56 Gryphon Aviary
23:57 Gryphon Aviary
23:57 Gryphon Aviary
29:28 Scout Tower
29:29 Scout Tower
29:29 Scout Tower
29:29 Scout Tower
29:31 Scout Tower
29:31 Scout Tower
29:32 Scout Tower
29:32 Scout Tower
30:43 Guard Tower
31:23 Town Hall
» items
| Healing Salve | 1 | |
| Staff of Teleportation | 1 | |
| Dust of Appearance | 2 | |
| Potion of Invisibility | 1 | |
| Ivory Tower | 22 | |
| Scroll of Regeneration | 1 | |
| Lesser Clarity Potion | 1 | |
| Tiny Great Hall | 1 | |
| Scroll of Town Portal | 5 | |
| Scroll of Healing | 2 | |
| Scroll of Protection | 2 | |
39 total
MYNAMESXYPHERIM (
green | 88 APM | 3250 actions | 37:04)
5 Blademaster
3 Wind Walk
2 Critical Strike
» actions
| Assign group hotkey | 73 | |
| Build / train | 113 | |
| ESC pressed | 5 | |
| Enter build submenu | 40 | |
| Enter hero's abilities submenu | 6 | |
| Give item / drop item | 5 | |
| Remove unit from queue | 1 | |
| Right click | 2040 | |
| Select / deselect | 366 | |
| Select group hotkey | 364 | |
| Use ability | 237 | |
3250 total
» units
| Peon | 24 | |
| Troll Batrider | 23 | |
| Wind Rider | 9 | |
| Shaman | 12 | |
68 total
» upgrades
| Liquid Fire | 1 | |
| Reinforced Defenses | 1 | |
| Armor | 3 | |
| Ranged Weapons | 3 | |
| Shaman Training | 2 | |
| Envenomed Spears | 1 | |
11 total
» buildings
| Altar of Storms | 1 | |
| Orc Burrow | 8 | |
| War Mill | 4 | |
| Voodoo Lounge | 1 | |
| Watch Tower | 15 | |
| Stronghold | 1 | |
| Fortress | 1 | |
| Beastiary | 3 | |
| Great Hall | 1 | |
| Spirit Lodge | 2 | |
37 total
» build order
00:16 Altar of Storms
00:24 Orc Burrow
01:03 War Mill
01:10 Voodoo Lounge
01:57 Orc Burrow
02:35 Watch Tower
02:37 Watch Tower
02:59 Watch Tower
03:32 Stronghold
03:50 Watch Tower
04:17 Watch Tower
04:58 Watch Tower
06:03 Fortress
06:07 Beastiary
06:08 Beastiary
07:15 Orc Burrow
07:31 Great Hall
08:33 Orc Burrow
15:27 War Mill
19:08 Spirit Lodge
19:11 Spirit Lodge
19:20 Beastiary
20:42 Orc Burrow
21:32 Orc Burrow
21:36 War Mill
23:40 Orc Burrow
23:41 Orc Burrow
28:35 War Mill
29:32 Watch Tower
29:32 Watch Tower
29:33 Watch Tower
29:34 Watch Tower
29:34 Watch Tower
29:36 Watch Tower
29:49 Watch Tower
29:50 Watch Tower
29:50 Watch Tower
» items
| Healing Salve | 5 | |
| Lesser Clarity Potion | 7 | |
| Scroll of Speed | 1 | |
| Boots of Speed | 1 | |
| Staff of Teleportation | 1 | |
| Dust of Appearance | 1 | |
| Orb of Lightning | 1 | |
| Potion of Mana | 1 | |
| Scroll of Town Portal | 1 | |
| Scroll of Protection | 1 | |
| Potion of Healing | 1 | |
21 total
Chat log
(00:08 / Allies) Doof.: plan vs these idiots?
(00:13 / Allies) SixPaths: who are they
(00:17 / Allies) Doof.: protoers
(00:19 / Allies) Doof.: from west
(00:24 / Allies) DarKNeSS.AT: 100
(00:26 / Allies) Doof.: they will proto
(00:33 / Allies) DarKNeSS.AT: expand?
(00:37 / Allies) Doof.: ya
(00:38 / Allies) SixPaths: go quick wyv>
(00:39 / Allies) DarKNeSS.AT: k
(00:41 / Allies) Doof.: mb ill tech
(00:41 / All) GeorgiePie: WHERES GEORGIE PIE :(?
(00:48 / All) MYNAMESXYPHERIM: ^bad
(00:54 / Allies) Doof.: lets kotg bm
(00:57 / Allies) SixPaths: k
(01:04 / Allies) DarKNeSS.AT: ill fast expo
(01:08 / Allies) DarKNeSS.AT: t1
(01:09 / Allies) Doof.: k
(01:27 / Allies) Doof.: go human
(01:39 / Allies) Doof.: keep wisp near tower wall
(01:44 / Allies) Doof.: see when its going upo
(01:54 / Allies) SixPaths: hes towering his base i think
(02:00 / Allies) Doof.: he will wall
(02:03 / Allies) Doof.: outside
(02:29 / Allies) Doof.: or we can go orc
(02:32 / Allies) SixPaths: nah
(02:37 / Allies) Doof.: o good hes am
(03:50 / All) ausPANDA: ok faggots
(03:53 / All) ausPANDA: this game ull experience
(03:55 / All) ausPANDA: a new hack
(04:01 / All) MYNAMESXYPHERIM: NO BOOTS FOR YOU
(04:02 / All) MYNAMESXYPHERIM: FAGGOT
(04:16 / Allies) Doof.: dont think wyvs will work
(04:21 / Allies) SixPaths: prolly not
(04:22 / Allies) Doof.: mb i should just feed darkness
(04:27 / Allies) SixPaths: no
(04:30 / Allies) DarKNeSS.AT: should prob caster/taureh
(04:32 / Allies) SixPaths: you need caster for sure
(04:38 / Allies) DarKNeSS.AT: play it like a 4s mb
(04:41 / Allies) Doof.: k ill castor tauren
(04:43 / Allies) Doof.: and some bats
(04:46 / Allies) DarKNeSS.AT: yee
(05:14 / Allies) DarKNeSS.AT: we should all expo
(05:18 / Allies) SixPaths: duh
(05:20 / Allies) DarKNeSS.AT: ^^
(05:28 / Allies) SixPaths: they hack
(05:42 / Allies) DarKNeSS.AT: k
(06:46 / Allies) DarKNeSS.AT: coming
(07:35 / All) ausPANDA: elf
(07:37 / All) ausPANDA: let the hero live
(07:39 / All) ausPANDA: and ill kill u last
(07:45 / All) ausPANDA: Very well
(07:47 / All) ausPANDA: you die first
(07:50 / All) GeorgiePie: ROFL
(07:51 / Allies) DarKNeSS.AT: wood
(07:56 / Allies) DarKNeSS.AT: wood
(07:58 / Allies) DarKNeSS.AT: any?
(09:25 / Allies) DarKNeSS.AT: crown for bm
(09:36 / All) MYNAMESXYPHERIM: LOL
(09:37 / All) MYNAMESXYPHERIM: SUP
(09:38 / Allies) DarKNeSS.AT: take
(09:58 / All) ausPANDA: faggot arab
(10:48 / Allies) DarKNeSS.AT: batds inc
(12:29 / Allies) DarKNeSS.AT: still got crownf or ur bm..
(12:51 / Allies) DarKNeSS.AT: coke
(12:52 / Allies) DarKNeSS.AT: come
(12:54 / Allies) DarKNeSS.AT: cant let him tower it
(12:55 / Allies) DarKNeSS.AT: plz
(13:22 / Allies) SixPaths: tower
(13:53 / Allies) DarKNeSS.AT: ty
(13:55 / Allies) DarKNeSS.AT: gonna tower it
(15:34 / Allies) DarKNeSS.AT: they might hit that
(15:35 / Allies) DarKNeSS.AT: they revealed
(16:07 / Allies) SixPaths: hes going around killing our wards lol
(16:36 / Allies) DarKNeSS.AT: 3 tanks
(16:47 / Allies) DarKNeSS.AT: come
(18:19 / All) ausPANDA: wot
(18:20 / All) ausPANDA: fagot
(18:21 / All) ausPANDA: bl
(18:22 / Allies) SixPaths: tower this
(18:24 / All) ausPANDA: piece of shit
(18:25 / All) GeorgiePie: ROLFL
(18:25 / All) MYNAMESXYPHERIM: LOL
(18:25 / All) GeorgiePie: ROFL
(18:26 / All) MYNAMESXYPHERIM: BLUE
(18:27 / All) GeorgiePie: HACK
(18:29 / All) GeorgiePie: FREEZE HACK
(18:30 / All) GeorgiePie: UR FKD
(18:33 / All) ausPANDA: rofl
(18:34 / All) ausPANDA: bl son
(18:47 / All) DarKNeSS.AT: rofl
(18:52 / All) SixPaths: are you braindead green
(18:56 / All) GeorgiePie: ROFL
(18:56 / All) GeorgiePie: ROFL
(18:59 / All) MYNAMESXYPHERIM: aRE YOU?
(19:03 / Allies) DarKNeSS.AT: come
(19:24 / Allies) Doof.: omw
(19:45 / Allies) DarKNeSS.AT: they surronded with invisible critters rofl
(19:56 / Allies) SixPaths: tower this
(20:12 / Allies) DarKNeSS.AT: wont be long till they leave 50
(20:49 / Allies) DarKNeSS.AT: kill critters
(21:06 / Allies) SixPaths: mass
(21:09 / Allies) SixPaths: thats
(21:26 / Allies) SixPaths: they 100
(21:29 / Allies) DarKNeSS.AT: k going 100
(21:35 / Allies) Doof.: what do i get?
(21:36 / Allies) Doof.: bats?
(21:37 / Allies) DarKNeSS.AT: come
(21:45 / Allies) SixPaths: caster tauren
(21:56 / Allies) Doof.: wood
(21:56 / Allies) Doof.: plz
(22:05 / Allies) DarKNeSS.AT: towers
(25:39 / Allies) DarKNeSS.AT: b
(25:40 / Allies) DarKNeSS.AT: to towerw
(25:43 / Allies) DarKNeSS.AT: b
(25:45 / Allies) Doof.: knife come
(26:09 / Allies) SixPaths: tp doof
(26:43 / Allies) Doof.: b
(28:32 / Allies) SixPaths: need someone
(28:35 / Allies) DarKNeSS.AT: tping
(28:38 / Allies) Doof.: brt
(29:10 / Allies) SixPaths: why are you so against towering me up
(29:21 / Allies) Doof.: no wood
(29:22 / Allies) Doof.: i have now
(30:12 / Allies) DarKNeSS.AT: come knife
(31:21 / Allies) Doof.: i got
(31:40 / Allies) Doof.: wood
(32:09 / Allies) SixPaths: gold me now
(32:43 / Allies) Doof.: ill go 100
(32:46 / Allies) Doof.: and lets push
(32:46 / Allies) DarKNeSS.AT: i got dnd
(32:53 / Allies) Doof.: i got bladestorm
(32:54 / Allies) Doof.: too
(34:38 / Allies) DarKNeSS.AT: gj
(35:00 / Allies) Doof.: need me?
(35:07 / Allies) SixPaths: yes
(35:07 / Allies) DarKNeSS.AT: bm on the loose
(35:11 / Allies) SixPaths: nvm
(35:44 / Allies) DarKNeSS.AT: broke throug pink
(37:08 / All) Doof.: noobs
(37:08 / All) SixPaths: cya